 Dungeon Crawl Stone Soup version 0.20-a0-854-g0cc194a (webtiles) character file.

991 Foodle the Spear-Bearer (level 8, -7/62 HPs)
             Began as a Merfolk Skald on Mar 11, 2017.
             Was an Initiate of Ru.
             Killed by miscasting Regeneration (12 damage)
             ... on level 6 of the Dungeon.
             The game lasted 00:38:43 (4467 turns).

Foodle the Spear-Bearer (Merfolk Skald)             Turns: 4467, Time: 00:38:43

Health: -7/62      AC:  1    Str: 13    XL:     8   Next: 18%
Magic:  9/12       EV: 14    Int: 12    God:    Ru [......]
Gold:   368        SH:  0    Dex: 17    Spells: 3/12 levels left

rFire    . . .     SeeInvis .   w - +3 spear
rCold    + . .     Gourm    .   (no armour)
rNeg     . . .     Faith    .   (no shield)
rPois    .         Spirit   .   (no helmet)
rElec    .         Reflect  .   A - +0 cloak
rCorr    .         Harm     .   (no gloves)
MR       .....                  (no boots)
Stlth    ++........             (no amulet)
Regen    0.2/turn               E - +3 ring of dexterity
MPRegen  0.2/turn               u - ring of protection from cold

@: very slightly contaminated
A: change form in water, swift swim, stealthy swim
a: Renounce Religion


You were on level 6 of the Dungeon.
You worshipped Ru.
Ru was noncommittal.
You were not hungry.

You visited 2 branches of the dungeon, and saw 7 of its levels.

You collected 368 gold pieces.

Inventory:

Hand Weapons
 a - a +0 spear
 m - a +0 scythe
 p - a +0 spear of piercing
 t - a +1 hand axe of flaming
 w - a +3 spear (weapon)
 x - a +0 flail of holy wrath
Armour
 b - a +0 leather armour
 h - a +0 ring mail
 A - a +0 cloak (worn)
 D - a +0 shield
Magical Staves
 s - an uncursed staff of energy
Jewellery
 u - a ring of protection from cold (left hand)
 E - a +3 ring of dexterity (right hand)
Wands
 l - a wand of disintegration (9/24)
 n - a wand of paralysis (13/24)
Scrolls
 o - a scroll of enchant armour {unknown}
 r - a scroll of amnesia
 v - a scroll of fear {unknown}
 y - a scroll of fog {unknown}
 z - a scroll of immolation {unknown}
 B - a scroll of acquirement {unknown}
 C - 3 scrolls of remove curse {unknown}
 H - 3 scrolls of recharging {unknown}
 I - a scroll of identify
Potions
 e - 4 potions of curing
 f - 3 potions of mutation
 g - a potion of flight
 i - 3 potions of brilliance
 k - a potion of invisibility
 q - 2 potions of might {unknown}
 F - a potion of agility {unknown}
 G - a potion of lignification {unknown}
 J - a potion of heal wounds {unknown}
Books
 c - a book of Battle

   Spells                             Type                      Level
   a - Infusion                       Charms                       1
   b - Shroud of Golubria             Charms/Translocation         2
   c - Song of Slaying                Charms                       2
   d - Spectral Weapon                Hexes/Charms                 3
   e - Regeneration                   Charms/Necromancy            3
 j - a book of Cantrips

   Spells                             Type                      Level
   a - Confusing Touch                Hexes                        1
   b - Animate Skeleton               Necromancy                   1
   c - Summon Small Mammal            Summoning                    1
   d - Apportation                    Translocation                1
Comestibles
 d - 2 bread rations


   Skills:
 + Level 5.1 Fighting
 + Level 8.3 Polearms
 + Level 2.9 Armour
 + Level 4.3 Dodging
 + Level 1.4 Stealth
 + Level 2.7 Spellcasting
 + Level 4.2 Charms


You had 3 spell levels left.
You knew the following spells:

 Your Spells              Type           Power        Failure   Level  Hunger
a - Infusion              Chrm           ##..         6%          1    #......
b - Song of Slaying       Chrm           ##......     10%         2    ###....
c - Spectral Weapon       Hex/Chrm       #.......     34%         3    ###....
d - Regeneration          Chrm/Necr      #.........   34%         3    ###....


Dungeon Overview and Level Annotations

Branches:
Dungeon (6/15)             Temple (1/1) D:6

Altars:
Ashenzari
Cheibriados
Dithmenos
Elyvilon
Fedhas
Gozag
Hepliaklqana
Makhleb
Ru
Vehumet
Xom
Yredelemnul
Zin
The Shining One


Message History

You see here an arrow.
You see here an arrow.
J - a dark potion You see here 2 arrows.
You see here an arrow.
You see here an arrow.
Found a glowing bone amulet.
C - 3 scrolls labeled VOGIFA XIBEOWUSAT (gained 1)
Things that are here:
an uncursed shortbow; 16 arrows; a centaur corpse
Okay, then.
You start removing your armour.
You continue taking off your +0 ring mail. x4
You finish taking off your +0 ring mail.
Casting: Infusion
Confirm with . or Enter, or press ? or * to list all spells.
You miscast Regeneration.
You are very lightly contaminated with residual magic.
Pain shoots through your body!
You die...

### ... ########.# "
#........#.. ...##
#.#.........
......#@#...........#
#....((# ###....
##.###((# ......#
.....#..###.#....#
...# # ###
#.............. ##.#
.# #.#.........#
...###.# .
......#.....#..
.......#..
....(..#.#...#
.........
..#######.#.########


There were no monsters in sight!

Vanquished Creatures
  Sigmund (D:2)
  A water moccasin (D:6)
  2 phantoms
  A centaur (D:6)
  A howler monkey (D:4)
  3 hounds (D:4)
  A centaur skeleton (D:4)
  An orc priest (D:3)
  A bullfrog skeleton (D:6)
  Jessica (D:2)
  An orc wizard (D:4)
  A worker ant (D:4)
  A worker ant zombie (D:5)
  4 gnolls
  3 adders
  A howler monkey skeleton (D:4)
  2 oozes
  A worm (D:3)
  A dart slug (D:3)
  4 leopard geckos
  19 orcs
  6 giant cockroaches
  5 hobgoblins
  2 quokkas
  7 bats
  7 frilled lizards
  4 goblins
  7 kobolds
  A leopard gecko skeleton (D:4)
  9 rats
99 creatures vanquished.

Notes
Turn   | Place    | Note
-------+----------+-------------------------------------------
     0 | D:1      | Foodle the Merfolk Skald began the quest for the Orb.
     0 | D:1      | Reached XP level 1. HP: 16/16 MP: 3/3
    70 | D:1      | Reached XP level 2. HP: 21/22 MP: 0/5
   464 | D:1      | Reached XP level 3. HP: 23/28 MP: 6/6
   953 | D:2      | Noticed Jessica
   960 | D:2      | Killed Jessica
   960 | D:2      | Reached skill level 1 in Armour
   960 | D:2      | Reached XP level 4. HP: 21/34 MP: 0/7
  1189 | D:2      | Reached skill level 4 in Polearms
  1387 | D:2      | Noticed Sigmund
  1399 | D:2      | Killed Sigmund
  1399 | D:2      | Reached skill level 5 in Polearms
  1399 | D:2      | Reached XP level 5. HP: 19/41 MP: 0/8
  1399 | D:2      | Reached XP level 6. HP: 21/47 MP: 0/9
  1517 | D:3      | Learned a level 2 spell: Song of Slaying
  1521 | D:3      | Learned a level 3 spell: Spectral Weapon
  2218 | D:4      | Reached skill level 6 in Polearms
  2651 | D:4      | Reached XP level 7. HP: 48/54 MP: 10/10
  2931 | D:4      | Learned a level 3 spell: Regeneration
  3440 | D:5      | Entered Level 5 of the Dungeon
  3934 | D:5      | Reached skill level 7 in Polearms
  4299 | D:6      | Reached skill level 1 in Stealth
  4311 | D:6      | Found a staircase to the Ecumenical Temple.
  4323 | D:6      | Reached skill level 8 in Polearms
  4323 | D:6      | Reached XP level 8. HP: 30/61 MP: 6/12
  4362 | Temple   | Entered the Ecumenical Temple
  4389 | Temple   | Became a worshipper of Ru the Awakened
  4432 | D:6      | Reached skill level 5 in Fighting
  4447 | D:6      | HP: 1/62 [centaur (7)]
  4467 | D:6      | Killed by miscasting Regeneration

Vault maps used:
D:1:      eino_arrival_cavern_b, hangedman_decor_lopped
D:2:      st_stairs_2, uniq_jessica, uniq_sigmund
D:4:      first_bread
D:5:      corexii_hall_statues_s, corexii_shack
D:6:      temple_fountains, uniq_menkaure
Temple:   grunt_wide_crystal_templ

Skill      XL: |  1  2  3  4  5  6  7  8 |
---------------+-------------------------+-----
Charms         | 4 |  4.2
Dodging        | 3 4 |  4.3
Armour         | 1 2 |  2.9
Polearms       | 5 6 8 |  8.3
Fighting       | 3 4 5 |  5.1
Stealth        | 1 |  1.4
Spellcasting   | |  2.7

Action                   |  1- 3 |  4- 6 |  7- 9 || total
-------------------------+-------+-------+-------++-------
Melee: Spear             |   108 |   208 |   125 ||   441
 Cast: Infusion          |     2 |     4 |     3 ||     9
  Use: Scroll            |     1 |     7 |     3 ||    11
  Eat: Bread ration      |       |     2 |     1 ||     3
       Royal jelly       |       |       |     1 ||     1
Armor: Leather armour    |    32 |     4 |       ||    36
       Ring mail         |       |    42 |    21 ||    63
Dodge: Dodged            |    84 |   117 |    49 ||   250
